 Dungeon Crawl Stone Soup version 0.18-a0-1485-g189885c (webtiles) character file.

1397 Karasique the Slicer (level 8, 0/45 HPs)
             Began as a Deep Elf Berserker on Mar 3, 2016.
             Was a Priest of Trog.
             Shot with an arrow of flame by a centaur (4 damage)
             ... on level 5 of the Dungeon.
             The game lasted 00:08:19 (4281 turns).

Karasique the Slicer (Deep Elf Berserker)           Turns: 4281, Time: 00:08:19

Health: 0/45       AC: 10    Str: 14    XL:     8   Next: 41%
Magic:  19/19      EV: 14    Int: 13    God:    Trog [***...]
Gold:   279        SH:  3    Dex: 16    Spells: 0 memorised, 7 levels left

rFire  . . .     SeeInvis .     C - +7 Screaming Sword
rCold  . . .     Gourm    .     f - +0 ring mail (curse)
rNeg   . . .     Faith    .     (no shield)
rPois  .         Spirit   .     G - +0 helmet
rElec  .         Dismiss  .     x - +0 cloak
rCorr  .         Reflect  +     e - +2 pair of gloves
SustAt .         Harm     .     (no boots)
MR     .....     Rnd*Tele +     t - +3 amulet of reflection
Stlth  +.........               p - ring of magical power
                                h - ring of teleportation (curse)

@: not resistant to hostile enchantments, very unstealthy
A: no striking features
a: Berserk, Trog's Hand, Burn Spellbooks, Renounce Religion


You were on level 5 of the Dungeon.
You worshipped Trog.
Trog was most pleased with you.
You were not hungry.

You visited 1 branch of the dungeon, and saw 5 of its levels.

You collected 279 gold pieces.

Inventory:

Hand Weapons
 a - a +0 blowgun
 v - a +1 dagger of venom
 C - the +7 Screaming Sword (weapon)
   (You found it on level 4 of the Dungeon)
Missiles
 b - 6 needles of confusion
 w - 20 poisoned needles
Armour
 e - a +2 pair of gloves (worn)
 f - a cursed +0 ring mail (worn)
 x - a +0 cloak (worn)
 G - a +0 helmet (worn)
Jewellery
 h - a cursed ring of teleportation (left hand)
 p - a ring of magical power (right hand)
 t - a +3 amulet of reflection (around neck)
 y - an uncursed ring of protection from magic {unknown}
Scrolls
 g - 2 scrolls of enchant armour
 l - 4 scrolls of identify
 m - 5 scrolls of remove curse {unknown}
 n - a scroll of magic mapping {unknown}
 r - 3 scrolls of immolation {unknown}
 A - a scroll of teleportation {unknown}
 D - a scroll of fear {unknown}
 E - a scroll of blinking {unknown}
Potions
 k - 9 potions of curing
 o - a potion of resistance
 q - 3 potions of heal wounds
 s - a potion of cancellation
 z - a potion of brilliance {unknown}
 B - a potion of magic {unknown}
 H - a potion of might {unknown}
Comestibles
 c - 4 bread rations
 d - a beef jerky
 i - 3 meat rations
 j - 10 fruits
 u - 2 slices of pizza
 F - 6 chunks of flesh


   Skills:
 + Level 2.8 Fighting
 - Level 8.5(8.9) Short Blades
 + Level 3.3(6.0) Long Blades
 - Level 1.5 Armour
 + Level 6.6 Dodging


You had 7 spell levels left.
You didn't know any spells.

Dungeon Overview and Level Annotations

Branches:
Dungeon (5/15)
 Temple: D:4-7

Altars:
The Shining One


Message History

The Screaming Sword shouts, "Kill 'em all and let Trog sort them out!"
The centaurs, the gnolls, the hound and the ogre are hurt by the noise.
The centaur shoots an arrow.
The arrow hits you. The hound bites you but does no damage.
The centaur shoots an arrow of flame.
The arrow of flame hits you but does no damage.
The arrow of flame burns you.
The centaur shoots an arrow.
The arrow hits you.
Found 17 arrows.
Things that are here:
an arrow of flame; 2 arrows The hound bites you.
The centaur shoots an arrow of flame.
The arrow of flame hits you. The arrow of flame burns you.
The centaur shoots an arrow.
The arrow hits you. The hound bites you but does no damage.
Things that are here:
an arrow; an arrow of flame The Screaming Sword bellows ear-splittingly.
The centaurs, the gnolls, the hound and the ogre are hurt by the noise.
The centaur shoots an arrow of flame.
The arrow of flame hits you! The arrow of flame burns you.
You die...

#.. #.. #.. ###
### #
#(..#########.#
#.@(...O...#
#..hg....c.#
#...g).....#
#.g.......##
#.........#
#.........#
#......c..#
#.........#
#......$..#


You could see an ogre, 2 centaurs, a hound and 3 gnolls.

Vanquished Creatures
  The ghost of Meriados the Grave Robber, an amateur DENe (D:4)
  Edmund (D:4)
  An ice beast (D:5)
  A phantom (D:5)
  5 scorpions (D:4)
  2 centaur zombies
  A crimson imp (D:5)
  A jelly (D:5)
  A hound (D:4)
  2 orc priests
  2 orc wizards
  Jessica (D:2)
  A centaur skeleton (D:4)
  Terence (D:2)
  5 worker ants
  A hound skeleton (D:4)
  A howler monkey skeleton (D:5)
  3 gnolls (D:3)
  8 adders
  An ooze (D:2)
  An adder skeleton (D:4)
  3 dart slugs
  5 giant geckos
  9 orcs
  4 giant cockroaches
  8 goblins
  2 hobgoblins (D:2)
  7 jackals
  A quokka (D:3)
  6 bats
  2 giant gecko skeletons
  3 giant newts
  A jackal skeleton (D:4)
  10 kobolds
  3 rats
105 creatures vanquished.

Notes
Turn   | Place    | Note
--------------------------------------------------------------
     0 | D:1      | Karasique the Deep Elf Berserker began the quest for the Orb.
     0 | D:1      | Reached XP level 1. HP: 13/13 MP: 3/3
   137 | D:1      | Reached XP level 2. HP: 18/18 MP: 4/4
   829 | D:2      | Noticed Jessica
   834 | D:2      | Noticed Terence
   839 | D:2      | Reached skill level 4 in Short Blades
   842 | D:2      | Killed Jessica
   842 | D:2      | Reached XP level 3. HP: 22/22 MP: 5/5
   847 | D:2      | Killed Terence
   847 | D:2      | Reached skill level 5 in Short Blades
   847 | D:2      | Reached XP level 4. HP: 23/27 MP: 6/6
   891 | D:2      | Reached ** piety under Trog
  1807 | D:3      | Reached XP level 5. HP: 12/31 MP: 7/7
  1916 | D:3      | Reached skill level 6 in Short Blades
  2435 | D:4      | Reached *** piety under Trog
  2435 | D:4      | Reached XP level 6. HP: 36/36 MP: 8/8
  2467 | D:4      | Noticed Meriados's ghost (amateur DENe)
  2493 | D:4      | Killed Meriados's ghost
  2493 | D:4      | Reached skill level 7 in Short Blades
  2656 | D:4      | Reached skill level 8 in Short Blades
  2857 | D:4      | Reached XP level 7. HP: 40/40 MP: 9/9
  3294 | D:4      | Reached skill level 1 in Long Blades
  3294 | D:4      | Reached skill level 5 in Dodging
  3488 | D:4      | Found a glowing golden altar of the Shining One.
  3553 | D:4      | Noticed Edmund
  3563 | D:4      | Killed Edmund
  3563 | D:4      | Reached XP level 8. HP: 45/45 MP: 10/10
  3806 | D:5      | Entered Level 5 of the Dungeon
  4281 | D:5      | Shot with an arrow of flame by a centaur

Vault maps used:
D:1:      co_arrival_random_square_maze
D:2:      minmay_misc_feat_rows, uniq_terence, uniq_jessica
D:4:      old_forge, lemuel_doored_altar, serial_glass, glass_columns_b,
          glass_columns_c, glass_columns_b, glass_columns_a, glass_columns_a,
          glass_columns_c, glass_columns_b, glass_columns_c, uniq_edmund
D:5:      first_bread

Skill      XL: |  1  2  3  4  5  6  7  8 |
---------------+-------------------------+-----
Short Blades   | 4 5 6 8 |  8.5
Dodging        | 5 6 |  6.6
Long Blades    | 2 3 |  3.3
Fighting       | |  2.8
Armour         | |  1.5

Action                   |  1- 3 |  4- 6 |  7- 9 || total
-------------------------+-------+-------+-------++-------
Melee: Short sword       |    67 |    50 |       ||   117
       Dagger            |       |   137 |    87 ||   224
       Double sword      |       |       |    59 ||    59
Invok: Berserk           |     2 |     9 |     2 ||    13
       Trog's Hand       |       |     3 |       ||     3
  Use: Scroll            |     2 |     3 |       ||     5
 Stab: Held in net/web   |       |       |     1 ||     1
  Eat: Chunk             |       |    16 |     8 ||    24
